 Dungeon Crawl Stone Soup version 0.24.0-13-gcf9b319 (webtiles) character file.

Game seed: 753389663189445306, levelgen mode: deterministic

98 sanboga the Skirmisher (level 4, -5/43 HPs)
             Began as a Gargoyle Berserker on Nov 25, 2019.
             Was a Believer of Trog.
             Killed from afar by an orc wizard (6 damage)
             ... with a magic dart
             ... on level 3 of the Dungeon.
             The game lasted 00:02:11 (1403 turns).

sanboga the Skirmisher (Gargoyle Berserker)         Turns: 1403, Time: 00:02:11

Health: -5/43      AC:  7    Str: 27    XL:     4   Next: 69%
Magic:  4/4        EV: 12    Int:  7    God:    Trog [**....]
Gold:   73         SH:  0    Dex:  9    Spells: 3/3 levels left

rFire    . . .     SeeInvis .   a - +0 hand axe
rCold    . . .     Gourm    .   (no shield)
rNeg     + . .     Faith    .   b - +0 animal skin
rPois    ∞         Spirit   .   (no helmet)
rElec    +         Reflect  .   (no cloak)
rCorr    +         Harm     .   f - +0 pair of gloves
MR       .....     Rnd*Tele +   (no boots)
Stlth    ..........             (no amulet)
HPRegen  0.14/turn              g - ring of teleportation (curse)
MPRegen  0.09/turn              h - ring of resist corrosion

@: mighty, berserking, very quick
A: negative energy resistance 1, screaming 1, electricity resistance, wild magic
1, unbreathing, petrification resistance, rot immunity, AC +3
a: Berserk, Trog's Hand, Renounce Religion


You were on level 3 of the Dungeon.
You worshipped Trog.
Trog was pleased with you.
You were near starving.

You visited 1 branch of the dungeon, and saw 4 of its levels.

You collected 73 gold pieces.

Inventory:

Hand Weapons
 a - a +0 hand axe (weapon)
Armour
 b - a +0 animal skin (worn)
 f - a +0 pair of gloves (worn)
Jewellery
 g - a cursed ring of teleportation (left hand)
 h - a ring of resist corrosion (right hand)
Potions
 k - a potion of might
Comestibles
 c - 2 rations


   Skills:
 + Level 4.1 Fighting
 * Level 3.9 Axes
 + Level 3.1 Armour
 - Level 1.5 Dodging


You had 3 spell levels left.
You didn't know any spells.
Your spell library was empty.

Dungeon Overview and Level Annotations

Branches:
Dungeon (4/15)
 Temple: D:4-7

Altars:
Dithmenos
Sif Muna
Zin
The Shining One


Innate Abilities, Weirdness & Mutations

You are resistant to torment.
Your stone body is resilient. (AC +3)
You are immune to poison.
You resist negative energy. (rN+)
You are resistant to electric shocks. (rElec)
You can survive without breathing.
You are immune to petrification.
You are immune to rotting.
You occasionally shout uncontrollably at your foes.
Your spells are a little harder to cast, but a little more powerful.


Message History

You are too injured to fight recklessly!
You are too injured to fight recklessly!
You are too injured to fight recklessly!
You are too injured to fight recklessly!
You are too injured to fight recklessly!
You are too injured to fight recklessly!
You are too injured to fight recklessly!
You feel very mighty all of a sudden. The orc misses you.
It was a potion of mutation.
You feel extremely strange.
You feel the urge to shout.
You feel less in control of your magic. The orc barely misses you.
A red film seems to cover your vision as you go berserk!
You feel yourself moving faster!
You feel mighty!
You are near starving!
The orc wizard misses you. The orc hits you with a +0 war axe!
* * * LOW HITPOINT WARNING * * *
The orc wizard points at you and mumbles some strange words.
The magic dart hits you.
You die...

#.......#(# #.#.
#.......'.# #.#!
### #.?.....###
#.#. ....
#.......# .#
..... #.......#
.....####'#######
.......).?..#
.......o)...#
.......@....#
#####.)o#+###
......o ######...
#.... #####. ..
..


You could see an orc priest, an orc wizard and an orc.

Vanquished Creatures
  A worker ant (D:4)
  2 adders (D:2)
  An ooze (D:1)
  2 dart slugs
  A leopard gecko (D:3)
  2 orcs (D:3)
  4 bats (D:1)
  2 giant cockroaches
  8 goblins
  2 hobgoblins (D:1)
  4 jackals (D:1)
  8 kobolds
  A ball python (D:1)
  A frilled lizard (D:1)
  4 rats
43 creatures vanquished.

Notes
Turn   | Place    | Note
-------+----------+-------------------------------------------
     0 | D:1      | sanboga the Gargoyle Berserker began the quest for the Orb.
     0 | D:1      | Reached XP level 1. HP: 14/14 MP: 1/1
   217 | D:1      | Reached XP level 2. HP: 13/19 MP: 2/2
   465 | D:1      | Reached XP level 3. HP: 22/23 MP: 3/3
   786 | D:2      | Reached ** piety under Trog
  1025 | D:2      | Found a glowing silver altar of Zin.
  1025 | D:2      | Found a shimmering blue altar of Sif Muna.
  1038 | D:2      | Found a shadowy altar of Dithmenos.
  1040 | D:2      | Found a glowing golden altar of the Shining One.
  1042 | D:2      | Found a faded altar of an unknown god.
  1124 | D:2      | Reached XP level 4. HP: 25/29 MP: 4/4
  1146 | D:2      | You fall into a shaft and drop 2 floors!
  1190 | D:4      | Reached skill level 4 in Fighting
  1402 | D:3      | Gained mutation: You occasionally shout uncontrollably at
                  | your foes. [potion of mutation]
  1402 | D:3      | Gained mutation: Your spells are a little harder to cast,
                  | but a little more powerful. [potion of mutation]
  1403 | D:3      | HP: 1/43 [orc/+0 war axe (9)]
  1403 | D:3      | Killed from afar by an orc wizard

Levels and vault maps discovered:
D:1:      sevenhm_arrival_forest_fort_large_2, layout_basic
D:2:      layout_loops_cross, old_standard_altar,
          chequers_temple_overflow_minitemple
D:3:      layout_basic, lightli_sewer_entry_pipes
D:4:      wander_river, layout_basic, lemuel_crystal_altar, first_ration,
          hex_tiny, uniq_robin

Skill      XL: |  1  2  3  4 |
---------------+-------------+-----
Axes           | 3 |  3.9
Fighting       | 4 |  4.1
Armour         | 3 |  3.1
Dodging        | |  1.5

Action                   |  1- 3 |  4- 6 || total
-------------------------+-------+-------++-------
Melee: Hand axe          |   118 |    55 ||   173
Invok: Berserk           |       |     1 ||     1
  Use: Scroll            |     7 |       ||     7
       Potion            |       |     2 ||     2
  Eat: Chunk             |     1 |       ||     1
Armor: Animal skin       |    49 |    11 ||    60
Dodge: Dodged            |    94 |    40 ||   134
